[Event "Hungarian Youth-ch II 2024"]
[Site "Szolnok"]
[Date "2024.04.05"]
[Round "7.7"]
[White "Farkas, Roza"]
[Black "Vadkerti, Anna"]
[Result "1/2-1/2"]
[ECO "E91"]
[WhiteElo "1474"]
[BlackElo "1502"]
[Annotator "NA RC"]
[PlyCount "42"]
[EventDate "2024.03.31"]
[EventType "swiss"]
[EventCountry "HUN"]
[SourceTitle "playchess.com"]
[Source "ChessBase"]
[SourceQuality "1"]
[TimeControl "5400+30"]

1. d4 Nf6 2. c4 g6 3. Nf3 Bg7 4. Nc3 d6 5. e4 O-O 6. Be2 c5 7. Be3 Ng4 8. O-O Nxe3 9. fxe3 Bh6 10. Qd2 Bg4 11. Rad1 Bxf3 12. Rxf3 cxd4 13. Qxd4 Nc6 14. Qd2 Rc8 15. Nd5 Ne5 16. Rh3 Bg5 17. b3 b6 18. Rf1 e6 19. Nf4 h5 20. Rd1 Be7 21. Bd3 h4 1/2-1/2

[Event "Hungarian Youth-ch II 2024"]
[Site "Szolnok"]
[Date "2024.04.05"]
[Round "8.5"]
[White "Medvegy, Maria"]
[Black "Illes-Nagy, Nora"]
[Result "0-1"]
[ECO "B47"]
[WhiteElo "1474"]
[BlackElo "1818"]
[Annotator "NA RC"]
[PlyCount "64"]
[EventDate "2024.03.31"]
[EventType "swiss"]
[EventCountry "HUN"]
[SourceTitle "playchess.com"]
[Source "ChessBase"]
[SourceQuality "1"]
[TimeControl "5400+30"]

1. e4 c5 2. Nf3 e6 3. d4 cxd4 4. Nxd4 Nc6 5. Nc3 Qc7 6. Ncb5 Qb8 7. Bd3 Nxd4 8. Nxd4 a6 9. O-O Nf6 10. Re1 Be7 11. e5 Nd5 12. Qg4 Bf8 13. Bg5 h6 14. Bd2 Qa7 15. c3 $16 g6 16. c4 Nb4 17. Bxg6 Rg8 18. Bxf7+ Kxf7 19. Qf4+ Ke8 20. Bxb4 Bxb4 21. Red1 h5 22. Rd3 Rg4 23. Qf3 Rxd4 24. Qxh5+ Kd8 25. Rxd4 Qxd4 26. h4 b6 27. Qf3 Rb8 28. h5 Bb7 29. Qf6+ Be7 30. Qg7 Bc5 31. h6 Qxf2+ 32. Kh1 Qh4# 0-1

[Event "Hungarian Youth-ch II 2024"]
[Site "Szolnok"]
[Date "2024.04.05"]
[Round "8.6"]
[White "Miko, Biborka"]
[Black "Horvath, Adel"]
[Result "0-1"]
[ECO "B56"]
[WhiteElo "1529"]
[BlackElo "1676"]
[Annotator "NA RC"]
[PlyCount "50"]
[EventDate "2024.03.31"]
[EventType "swiss"]
[EventCountry "HUN"]
[SourceTitle "playchess.com"]
[Source "ChessBase"]
[SourceQuality "1"]
[TimeControl "5400+30"]

1. e4 c5 2. Nf3 d6 3. d4 cxd4 4. Nxd4 Nf6 5. Nc3 Nc6 6. f3 e5 7. Nb3 Be7 8. Be3 Be6 9. Qd2 d5 10. exd5 Nxd5 11. Nxd5 Qxd5 12. Qf2 e4 13. fxe4 Qxe4 14. O-O-O O-O 15. Bd3 Qe5 16. Rhg1 Bxb3 17. cxb3 Nb4 18. Kb1 Rfd8 19. Bc4 Qe4+ 20. Ka1 Nc2+ 21. Kb1 Nxe3+ 22. Kc1 Rxd1+ 23. Rxd1 Nxd1 24. Kxd1 Rd8+ 25. Kc1 Bg5+ 0-1

[Event "Hungarian Youth-ch II 2024"]
[Site "Szolnok"]
[Date "2024.04.05"]
[Round "8.7"]
[White "Vadkerti, Anna"]
[Black "Kiss, Villo"]
[Result "1-0"]
[ECO "B23"]
[WhiteElo "1502"]
[BlackElo "1519"]
[Annotator "NA RC"]
[PlyCount "47"]
[EventDate "2024.03.31"]
[EventType "swiss"]
[EventCountry "HUN"]
[SourceTitle "playchess.com"]
[Source "ChessBase"]
[SourceQuality "1"]
[TimeControl "5400+30"]

1. e4 c5 2. Nc3 d6 3. g3 Nc6 4. Bg2 Nf6 5. d3 e6 6. Be3 Be7 7. f4 O-O 8. Nge2 Ng4 9. Bd2 Bf6 10. h3 Nh6 11. g4 Bh4+ 12. Kf1 f6 13. Bf3 b6 14. Be1 Bxe1 15. Qxe1 Bb7 16. h4 Nf7 17. Kg2 h6 18. Qg3 g5 19. Qh3 a6 20. hxg5 fxg5 21. Qh5 Kh7 22. e5 dxe5 23. Be4+ Kh8 24. Qg6 1-0

[Event "Hungarian Youth-ch II 2024"]
[Site "Szolnok"]
[Date "2024.04.06"]
[Round "9.1"]
[White "Balogh, Gerda"]
[Black "Biro, Beata"]
[Result "0-1"]
[ECO "A00"]
[WhiteElo "1775"]
[BlackElo "1849"]
[Annotator "NA RC"]
[PlyCount "68"]
[EventDate "2024.03.31"]
[EventType "swiss"]
[EventCountry "HUN"]
[SourceTitle "playchess.com"]
[Source "ChessBase"]
[SourceQuality "1"]
[TimeControl "5400+30"]

1. a3 d5 2. d4 Bf5 3. Nf3 e6 4. e3 c5 5. c3 Nc6 6. Bd3 Bg6 7. O-O c4 8. Bc2 Bd6 9. Nbd2 Bxc2 10. Qxc2 f5 11. Re1 h6 12. b3 b5 13. a4 a6 14. b4 Nf6 15. Qa2 O-O 16. a5 Qe8 17. Qc2 Ra7 18. Nf1 g5 19. Qe2 Rg7 20. Ng3 Kh8 21. Kh1 Ne4 22. Bb2 Bxg3 23. fxg3 f4 24. exf4 gxf4 25. Bc1 Qh5 26. Bxf4 Rxf4 27. Kg1 Rf6 28. Qe3 Ne7 29. Ne5 Nf5 30. Qc1 Nfxg3 31. Qc2 Nf5 32. Nc6 Nh4 33. Nb8 Nf3+ 34. Kh1 Qxh2# 0-1

[Event "Hungarian Youth-ch II 2024"]
[Site "Szolnok"]
[Date "2024.04.06"]
[Round "9.2"]
[White "Farkas, Sara"]
[Black "Kiss, Inez"]
[Result "0-1"]
[ECO "D45"]
[WhiteElo "1693"]
[BlackElo "1896"]
[Annotator "NA RC"]
[PlyCount "52"]
[EventDate "2024.03.31"]
[EventType "swiss"]
[EventCountry "HUN"]
[SourceTitle "playchess.com"]
[Source "ChessBase"]
[SourceQuality "1"]
[TimeControl "5400+30"]

1. d4 d5 2. c4 c6 3. Nf3 Nf6 4. Nc3 e6 5. e3 Nbd7 6. cxd5 exd5 7. Bd3 Bd6 8. O-O O-O 9. Re1 Re8 10. Qc2 Nf8 $11 11. h3 Bd7 12. a3 a5 13. a4 b6 14. Bd2 Ng6 15. Rac1 Rc8 16. b3 b5 17. axb5 cxb5 18. Qa2 b4 19. Ne2 Ne4 20. Rxc8 Bxc8 21. Ra1 Bc7 22. Bb5 Re6 23. Nc1 Rf6 24. Be2 Qd6 25. Nd3 Ba6 26. Nc1 Rxf3 0-1

[Event "Hungarian Youth-ch II 2024"]
[Site "Szolnok"]
[Date "2024.04.06"]
[Round "9.3"]
[White "Kincses, Emma"]
[Black "Balazs, Szabina Zoe"]
[Result "0-1"]
[ECO "A05"]
[WhiteElo "1659"]
[BlackElo "1756"]
[Annotator "NA RC"]
[PlyCount "158"]
[EventDate "2024.03.31"]
[EventType "swiss"]
[EventCountry "HUN"]
[SourceTitle "playchess.com"]
[Source "ChessBase"]
[SourceQuality "1"]
[TimeControl "5400+30"]

1. Nf3 Nf6 2. g3 e6 3. Bg2 Be7 4. O-O d5 5. d4 O-O 6. b3 b6 7. Bb2 Bb7 8. c4 c5 9. Nbd2 Nbd7 10. Rc1 Rc8 11. Re1 Rc7 12. Rc2 Qa8 13. dxc5 Nxc5 14. Bxf6 Bxf6 15. cxd5 Bxd5 16. e4 Bb7 17. b4 Na6 18. Rxc7 Nxc7 19. Qb3 b5 20. Rc1 Rc8 21. Qd3 Rd8 22. Qe2 Rc8 23. Qd3 a6 24. Qe3 Be7 25. Qd4 Ne8 26. Rd1 Rd8 27. Qb2 Bxe4 28. Qb3 Bd5 29. Qb1 Nd6 30. a3 h6 31. Ne1 Bxg2 32. Nxg2 a5 33. Ne3 axb4 34. axb4 Qa4 35. Qb3 Ra8 36. Qc3 Rc8 37. Qb3 Ra8 38. Qc3 Rc8 39. Qb3 Qxb3 40. Nxb3 Nc4 41. Nd4 Nxe3 42. fxe3 Bxb4 43. Nxb5 Kh7 44. Nd4 Kg6 45. Kg2 Rd8 46. Rf1 Bc5 47. Nc2 f5 48. Kf3 Rf8 49. Ne1 e5 50. Ng2 Kh7 51. Rc1 e4+ 52. Ke2 Bd6 53. Nf4 Bxf4 54. exf4 g5 55. Ke3 Rd8 56. Rc3 Kg6 57. h3 Rd6 58. g4 fxg4 59. Kxe4 gxh3 60. Rxh3 Rf6 61. fxg5 hxg5 62. Rf3 Re6+ 63. Kd5 Re1 64. Rg3 Kf5 65. Kd4 Kf4 66. Rg2 g4 67. Kd3 Kf3 68. Rc2 g3 69. Rc6 g2 70. Rf6+ Kg3 71. Rg6+ Kh2 72. Rh6+ Kg1 73. Kd2 Re5 74. Rh7 Kf2 75. Rf7+ Kg3 76. Rg7+ Kh3 77. Rh7+ Kg4 78. Rg7+ Rg5 79. Rxg5+ Kxg5 0-1

[Event "Hungarian Youth-ch II 2024"]
[Site "Szolnok"]
[Date "2024.04.06"]
[Round "9.4"]
[White "Csiszar, Vivien"]
[Black "Hangyal, Anna"]
[Result "0-1"]
[ECO "B30"]
[WhiteElo "1607"]
[BlackElo "1766"]
[Annotator "NA RC"]
[PlyCount "76"]
[EventDate "2024.03.31"]
[EventType "swiss"]
[EventCountry "HUN"]
[SourceTitle "playchess.com"]
[Source "ChessBase"]
[SourceQuality "1"]
[TimeControl "5400+30"]

1. e4 c5 2. Nf3 Nc6 3. d3 e6 4. g3 d5 5. Nbd2 Nf6 6. Bg2 Be7 7. O-O O-O 8. a3 Bd7 9. h3 Qc7 10. Nh2 dxe4 11. dxe4 e5 12. f4 exf4 13. gxf4 Kh8 14. e5 Ng8 15. Ne4 f6 16. Nf3 Rad8 17. Nd6 Nh6 18. Be3 fxe5 19. fxe5 Nf5 20. Bxc5 b6 21. Bf2 Nxd6 22. exd6 Bxd6 23. Bh4 Rde8 24. Ng5 Bf5 25. Qd5 Bc5+ 26. Kh1 Nd4 27. c3 Re5 28. Qc4 b5 29. Qa2 Nc2 30. Rac1 Ne3 31. Rf2 Nxg2 32. Rxg2 h6 33. Nf3 Be4 34. Nxe5 Bxg2+ 35. Kxg2 Qxe5 36. Re1 Qh5 37. Bg3 Qf3+ 38. Kh2 Bf2 0-1

[Event "Hungarian Youth-ch II 2024"]
[Site "Szolnok"]
[Date "2024.04.06"]
[Round "9.9"]
[White "Kiss, Villo"]
[Black "Vasarhelyi, Szurina"]
[Result "1-0"]
[ECO "A04"]
[WhiteElo "1519"]
[BlackElo "1446"]
[Annotator "NA RC"]
[PlyCount "67"]
[EventDate "2024.03.31"]
[EventType "swiss"]
[EventCountry "HUN"]
[SourceTitle "playchess.com"]
[Source "ChessBase"]
[SourceQuality "1"]
[TimeControl "5400+30"]

1. Nf3 Nc6 2. d4 d5 3. g3 Bf5 4. Bg2 Nf6 5. O-O e6 6. c4 Be7 7. Nc3 Ne4 8. Bf4 Nxc3 9. bxc3 O-O 10. Qb3 Rb8 11. Nd2 Bg5 12. Bxg5 Qxg5 13. f4 Qh5 14. cxd5 exd5 15. Qxd5 Qxe2 16. Rf2 Qe6 17. Qxe6 Bxe6 18. d5 Rfd8 19. dxe6 fxe6 20. Re1 Rd3 21. Rxe6 Rxc3 22. Bd5 Kh8 23. Rfe2 g6 24. Re8+ Rxe8 25. Rxe8+ Kg7 26. Ne4 Re3 27. Rg8+ Kh6 28. g4 Ne7 29. g5+ Kh5 30. Nf6+ Kh4 31. Rg7 Re1+ 32. Kf2 Re2+ 33. Kxe2 Kh3 34. Rxh7# 1-0